 Dungeon Crawl Stone Soup version 0.27-a0-1299-g1ab19c6527 (webtiles) character file.

Game seed: 15493342106608696720

955 Lanoc the Chopper (level 7, -5/70 HPs)
             Began as a Troll Gladiator on June 16, 2021.
             Was a Priest of Makhleb.
             Slain by Prince Ribbit (17 damage)
             ... on level 6 of the Dungeon on June 17, 2021.
             The game lasted 00:06:42 (3328 turns).

Lanoc the Chopper (Troll Gladiator)                 Turns: 3328, Time: 00:06:42

Health: -5/70      AC:  4    Str: 23    XL:     7   Next: 91%
Magic:  6/6        EV: 11    Int:  6    God:    Makhleb [***...]
Gold:   313        SH:  0    Dex: 13    Spells: 6/6 levels left

rFire    . . .     SeeInvis .   a - +0 war axe
rCold    + . .     Faith    .   (no shield)
rNeg     . . .     Spirit   .   b - +0 robe
rPois    +         Reflect  .   c - +0 hat
rElec    .         Harm     .   (no cloak)
rCorr    .         Rampage  .   (gloves unavailable)
Will     .....                  (boots unavailable)
Stlth    +.........             (no amulet)
HPRegen  1.21/turn              t - ring of protection from cold
MPRegen  0.10/turn              (no ring)

@: confused, ambrosia-drunk
A: large, unfitting armour, claws 3, regeneration 1, shaggy fur 1, tough skin 1,
clever 1, poison resistance
a: Renounce Religion, Minor Destruction, Lesser Servant of Makhleb


You were on level 6 of the Dungeon.
You worshipped Makhleb.
Makhleb was most pleased with you.
You visited 1 branch of the dungeon, and saw 6 of its levels.

You collected 313 gold pieces.

Inventory:

Hand Weapons
 a - a +0 war axe (weapon)
Missiles
 d - a throwing net
 g - 3 atropa-tipped darts (quivered)
Armour
 b - a +0 robe (worn)
 c - a +0 hat (worn)
Jewellery
 t - a ring of protection from cold (left claw)
Scrolls
 h - a scroll of teleportation {unknown}
 i - 3 scrolls of enchant weapon {unknown}
 l - a scroll of summoning {unknown}
 m - 2 scrolls of fear
 p - 2 scrolls of enchant armour
 r - 3 scrolls of fog
 s - a scroll of amnesia
Potions
 e - 2 potions of magic
 f - a potion of invisibility
 j - a potion of mutation


   Skills:
 + Level 4.0 Fighting
 * Level 5.9 Axes
 - Level 1.7 Throwing
 + Level 4.4 Dodging


You had 6 spell levels left.
You didn't know any spells.
Your spell library contained the following spells:

 Spells                   Type           Power      Damage    Failure   Level
 Corona                   Hex            0%         N/A       45%         1
 Magic Dart               Conj           0%         1d3       45%         1
 Blink                    Tloc           N/A        N/A       58%         2
 Call Imp                 Summ           0%         N/A       58%         2
 Ensorcelled Hibernation  Hex/Ice        0%         N/A       58%         2
 Slow                     Hex            0%         N/A       58%         2
 Confusing Touch          Hex            0%         N/A       83%         3
 Conjure Flame            Conj/Fire      0%         6-21      83%         3
 Dazzling Flash           Conj/Hex       0%         N/A       83%         3
 Mephitic Cloud           Conj/Pois/Air  0%         N/A       83%         3
 Tukima's Dance           Hex            0%         N/A       83%         3


Dungeon Overview and Level Annotations

Branches:
Dungeon (6/15)
 Temple: D:4-7

Altars:
Dithmenos
Makhleb
Ru

Annotations:
D:6 Prince Ribbit


Innate Abilities, Weirdness & Mutations

You are too large for most types of armour.
You have claws for hands.
Your natural rate of healing is unusually fast.
You are covered in fur. (AC +1)
You have tough skin. (AC +1)
Your mind is acute. (Int +2)
Your system is resistant to poisons. (rPois)


Message History

Prince Ribbit is moderately wounded.
Prince Ribbit barely misses you. Prince Ribbit hits you.
You closely miss Prince Ribbit.
Prince Ribbit is moderately wounded.
Prince Ribbit misses you.
You closely miss Prince Ribbit.
Prince Ribbit is moderately wounded.
Prince Ribbit hits you! Prince Ribbit barely misses you.
You miss Prince Ribbit.
Prince Ribbit is moderately wounded.
Prince Ribbit hits you!
Prince Ribbit blinks!
Throw: 5 darts (atropa)
Press: ? - help, Q - select action, (/) - cycle Shift-Dir - straight line, f/p - Prince Ribbit
Aim: Prince Ribbit (moderately wounded, 36% to hit, chance to blind on hit: 3%)
You throw an atropa-tipped dart.
The atropa-tipped dart misses Prince Ribbit.
Throw: 4 darts (atropa)
Press: ? - help, Q - select action, (/) - cycle Shift-Dir - straight line, f/p - Prince Ribbit
Aim: Prince Ribbit (moderately wounded, 36% to hit, chance to blind on hit: 22%)
You throw an atropa-tipped dart.
The atropa-tipped dart barely misses Prince Ribbit.
Prince Ribbit hits you but does no damage.
You hit Prince Ribbit but do no damage.
Prince Ribbit is moderately wounded.
Prince Ribbit hits you. Prince Ribbit hits you!
* * * LOW HITPOINT WARNING * * *
Prince Ribbit closely misses you. Prince Ribbit hits you!
* * * LOW HITPOINT WARNING * * *
You climb downwards.
There is a stone staircase leading up here.
You slash Prince Ribbit!
Prince Ribbit is heavily wounded.
Prince Ribbit hits you.
* * * LOW HITPOINT WARNING * * *
You feel better. Prince Ribbit hits you!
* * * LOW HITPOINT WARNING * * *
Prince Ribbit misses you.
You are confused.
You feel invigorated. Prince Ribbit hits you!
You die...

#.....# #
#.....#
#.
#.....#
#.#...†.#
#.(.....#
##......#
#......#
##.##).#
#. #@.# #
##F# ..#
..# ..#
..# ..#
..#


You could see Prince Ribbit.

Vanquished Creatures
  A water moccasin (D:6)
  Purgy (D:4)
  An ogre (D:4)
  2 phantoms
  3 scorpions (D:5)
  2 hounds (D:5)
  An orc priest (D:5)
  Jessica (D:2)
  Terence (D:2)
  An orc wizard (D:5)
  5 gnolls
  4 adders
  2 worms
  3 dart slugs
  9 orcs
  8 endoplasms
  3 giant cockroaches
  11 goblins
  6 hobgoblins
  4 jackals (D:1)
  4 quokkas
  5 ball pythons
  7 bats
  4 frilled lizards
  5 kobolds
  7 rats
101 creatures vanquished.

Vanquished Creatures (others)
  A fungus (D:3)
  2 plants (D:3)
3 creatures vanquished.

Grand Total: 104 creatures vanquished

Notes
Turn   | Place    | Note
-------+----------+-------------------------------------------
     0 | D:1      | Lanoc the Troll Gladiator began the quest for the Orb.
     0 | D:1      | Reached XP level 1. HP: 19/19 MP: 0/0
    28 | D:1      | Found a faded altar of an unknown god.
    51 | D:1      | Reached XP level 2. HP: 19/28 MP: 1/1
    51 | D:1      | Became a worshipper of Makhleb the Destroyer
    51 | D:1      | Reached * piety under Makhleb
   337 | D:1      | Reached skill level 3 in Axes
   522 | D:2      | Reached XP level 3. HP: 35/35 MP: 2/2
   652 | D:2      | Found a shadowy altar of Dithmenos.
   670 | D:2      | Noticed Terence
   682 | D:2      | Killed Terence
   793 | D:2      | Reached XP level 4. HP: 42/42 MP: 3/3
   871 | D:2      | Reached ** piety under Makhleb
   907 | D:2      | Noticed Jessica
   918 | D:2      | Killed Jessica
  1248 | D:3      | Found a sacrificial altar of Ru.
  1291 | D:3      | Reached XP level 5. HP: 43/50 MP: 4/4
  1398 | D:3      | Noticed a phantom
  1418 | D:3      | Killed a phantom
  1419 | D:3      | Reached skill level 4 in Axes
  2120 | D:4      | Noticed a phantom
  2131 | D:4      | Killed a phantom
  2132 | D:4      | Reached XP level 6. HP: 51/61 MP: 5/5
  2219 | D:4      | Reached *** piety under Makhleb
  2523 | D:4      | Noticed Purgy
  2615 | D:4      | Gained mutation: Your mind is acute. (Int +2) [potion of
                  | mutation]
  2615 | D:4      | Gained mutation: Your system is resistant to poisons.
                  | (rPois) [potion of mutation]
  2620 | D:4      | Killed Purgy
  2671 | D:5      | Entered Level 5 of the Dungeon
  2679 | D:5      | Reached skill level 5 in Axes
  2679 | D:5      | Reached XP level 7. HP: 64/67 MP: 6/6
  3200 | D:5      | Noticed Prince Ribbit
  3328 | D:6      | Slain by Prince Ribbit

Illustrated notes

Levels and vault maps discovered:
D:1:      heliophobic_arrival_henge, layout_basic, ebering_ecumenical_altar_rust
D:2:      cheibrodos_helix_gallery, layout_basic, basic_altar, uniq_terence,
          uniq_jessica
D:3:      layout_basic, nicolae_ru_the_path_less_chosen, minmay_box_of_dots
D:4:      layout_basic, minmay_misc_feat_doors, uniq_purgy
D:5:      layout_cave_pods, uniq_prince_ribbit1
D:6:      layout_basic, minmay_temple_entry_statues_pillars, uniq_sigmund,
          uniq_grinder

Skill      XL: |  1  2  3  4  5  6  7 |
---------------+----------------------+-----
Fighting       | 2 3 4 |  4.0
Axes           | 3 4 5 |  5.9
Dodging        | 3 4 |  4.4
Throwing       | |  1.7

Action                   |  1- 3 |  4- 6 |  7- 9 || total
-------------------------+-------+-------+-------++-------
Melee: War axe           |    89 |   171 |    89 ||   349
Throw: Throwing net      |       |     2 |       ||     2
       Dart              |       |       |     6 ||     6
  Use: Potion            |       |     5 |     4 ||     9
       Scroll            |       |       |     6 ||     6
 Stab: Sleeping          |       |     3 |       ||     3
       Invisible         |       |     2 |       ||     2
       Held in net/web   |       |     1 |       ||     1
Armor: Robe              |    52 |    57 |    25 ||   134
Dodge: Dodged            |    57 |   137 |    57 ||   251

Table legend: (Time is in decaauts)
 A = Elapsed time spent in this place.
 B = Non-inter-level travel time spent in this place.
 C = Inter-level travel time spent in this place.
 D = Time resting spent in this place.
 E = Time spent auto-exploring this place.
 F = Levels seen in this place.
 G = Mean time per level.
                   A        B        C        D        E       F      G
               +--------+--------+--------+--------+--------+-----+--------+
         Total |   3431 |   3373 |     58 |     50 |   2445 |   6 |  571.8 |
       Dungeon |   3431 |   3373 |     58 |     50 |   2445 |   6 |  571.8 |
               +--------+--------+--------+--------+--------+-----+--------+

Top non-repeatable levels by time:
     D:3: 798 daAuts
     D:4: 769 daAuts
     D:2: 656 daAuts
     D:5: 590 daAuts
     D:1: 528 daAuts
     D:6: 88 daAuts
